Map: Ruins of Endion

Players

Miszu

  • Race: Zerg Zerg
  • League: Master

Hotlips - Winner!

  • Race: Terran Terran
  • League: Grandmaster

VOD

Have the link to the VOD?

Description

Time

  • Played on: July 1, 2016, 7:44 p.m.
  • Length: 9:29
Show
View Real Time Build Order
Export as new Build Order

Miszu Zerg 

Build Orders: Hatch First, Muta Ling Bane 

Get SALT Encoding   

  12  0:00  Drone  
  13  0:12  Overlord  
  13  0:18  Drone  
  14  0:31  Drone x2  
  16  0:37  Drone  
  17  0:52  Hatchery  
  17  0:56  Drone  
  17  0:59  Drone  
  17  1:01  Extractor  
  17  1:16  Spawning Pool  
  17  1:18  Drone  
  17  1:21  Drone  
  18  1:28  Drone  
  19  1:41  Overlord  
  19  1:50  Drone  
  20  2:00  Drone  
  21  2:03  Queen  
  21  2:04  Queen  
  21  2:06  Drone  
  21  2:08  Metabolic Boost  
  26  2:13  Drone  
  27  2:15  Drone  
  27  2:22  Drone  
  29  2:25  Drone  
  30  2:31  Extractor  
  30  2:36  Spore Crawler  
  26  2:47  Queen, Drone x3  
  26  2:49  Pneumatized Carapace  
  33  2:53  Drone  
  33  2:57  Overlord  
  34  3:01  Drone  
  35  3:09  Zergling x2  
  36  3:15  Zergling x2  
  36  3:17  Zergling x2  
  38  3:22  Drone x3  
  38  3:23  Drone x3  
  44  3:34  Hatchery  
  44  3:38  Drone  
  44  3:40  Overlord  
  44  3:43  Extractor  
  44  3:44  Extractor, Drone x2  
  43  3:58  Overlord  
  43  4:01  Drone x6  
  49  4:15  Overlord x2  
  49  4:20  Lair  
  49  4:22  Roach Warren  
  48  4:25  Evolution Chamber x2  
  48  4:28  Spore Crawler  
  48  4:30  Spore Crawler  
  44  4:35  Zergling x8  
  47  4:53  Drone x7  
  47  4:54  Extractor  
  53  5:03  Drone  
  53  5:04  Drone  
  53  5:06  Queen  
  55  5:13  Drone x7  
  64  5:19  Drone  
  65  5:22  Queen  
  65  5:25  Drone  
  65  5:26  Spore Crawler  
  67  5:37  Drone x6  
  73  5:43  Extractor  
  73  5:49  Spire  
  70  5:50  Extractor  
  70  5:55  Zergling x8  
  73  6:11  Overlord  
  73  6:16  Infestation Pit  
  72  6:29  Baneling Nest  
  72  6:30  Overlord x2, Zerg Melee Weapons Level 1, Zerg Ground Armor Level 1  
  72  6:31  Overlord x3  
  71  6:39  Drone x3  
  72  6:40  Drone x4  
  76  6:57  Hive  
  76  7:07  Mutalisk  
  76  7:08  Mutalisk x6  
  78  7:09  Mutalisk  
  78  7:14  Centrifical Hooks  
  92  7:19  Overlord  
  92  7:33  Zerg Flyer Weapons Level 1  
  92  7:45  Overlord  
  92  7:46  Zergling x20  
  92  7:47  Zergling x2  
  103  7:54  Zergling x14  
  103  7:55  Overseer  
  103  7:56  Baneling  
  110  8:13  Corruptor x6  
  110  8:15  Zergling x4  
  122  8:22  Zergling x2  
  122  8:23  Baneling x9  
  122  8:24  Baneling x3  
  113  8:31  Ultralisk Cavern  
  108  8:44  Corruptor x2  
Show
View Real Time Build Order
Export as new Build Order

Hotlips Terran - Winner!

Build Orders: Reaper Expand, MMM Bio 

Get SALT Encoding   

  12  0:01  SCV  
  13  0:13  SCV  
  14  0:17  Supply Depot  
  14  0:25  SCV  
  15  0:39  SCV  
  15  0:40  Barracks  
  16  0:46  Refinery  
  16  0:51  SCV  
  17  1:03  SCV  
  18  1:15  SCV  
  19  1:27  Orbital Command  
  19  1:30  Reaper  
  20  1:44  Command Center  
  20  1:55  SCV  
  20  1:58  Supply Depot  
  21  2:03  Marine  
  21  2:07  SCV  
  23  2:13  Factory  
  23  2:19  SCV  
  23  2:21  Refinery  
  24  2:29  Barracks Reactor  
  24  2:34  SCV  
  25  2:46  SCV  
  26  2:56  Orbital Command  
  26  2:59  SCV, Factory Tech Lab  
  26  3:01  Starport  
  27  3:05  Marine  
  27  3:06  Marine  
  27  3:11  SCV  
  30  3:23  Siege Tank, SCV x2  
  30  3:24  Marine  
  30  3:25  Marine  
  37  3:35  SCV x2  
  37  3:38  Bunker  
  39  3:42  Medivac  
  39  3:44  Marine  
  39  3:47  SCV x2  
  44  3:49  Marine  
  45  3:59  SCV  
  46  4:12  Supply Depot  
  46  4:14  Supply Depot  
  46  4:26  Factory Reactor  
  46  4:29  Stimpack  
  46  4:30  Command Center  
  46  4:33  Marine  
  46  4:34  SCV x2, Liberator  
  46  4:37  Barracks  
  49  4:38  Barracks  
  49  4:46  SCV x2  
  54  4:54  Engineering Bay  
  54  4:57  Engineering Bay  
  54  4:58  SCV x2  
  56  5:02  Marine  
  57  5:10  SCV x2  
  59  5:19  Refinery x2  
  59  5:21  Marine  
  59  5:22  SCV x2  
  59  5:25  Supply Depot  
  62  5:28  Supply Depot  
  62  5:30  Factory Tech Lab  
  62  5:37  Terran Infantry Weapons Level 1, Terran Infantry Armor Level 1  
  62  5:40  Supply Depot  
  62  5:41  Supply Depot, Marine, SCV x2  
  65  5:47  Marine  
  65  5:48  Starport Reactor  
  65  5:49  Siege Tank  
  69  5:53  SCV x2  
  71  5:58  Orbital Command  
  71  6:01  Marine x3  
  74  6:05  Marine  
  74  6:06  SCV x2  
  77  6:15  Marine, Barracks  
  77  6:17  Barracks  
  77  6:18  SCV x2  
  77  6:20  Marine x2  
  77  6:24  Armory  
  79  6:26  SCV  
  79  6:28  Marine  
  79  6:30  SCV x2  
  83  6:33  Marine  
  83  6:34  Siege Tank  
  87  6:42  SCV x2  
  87  6:43  Marine  
  87  6:45  SCV  
  87  6:46  Medivac x2, Combat Shields  
  90  6:48  Marine  
  91  6:54  SCV x2  
  91  6:56  Supply Depot  
  91  6:57  Supply Depot, SCV  
  91  7:00  Refinery  
  94  7:03  Supply Depot x2  
  94  7:04  Marine  
  94  7:06  Barracks Reactor, SCV x2  
  94  7:07  Barracks Reactor  
  97  7:09  SCV, Missile Turret  
  97  7:12  Missile Turret  
  97  7:13  Marine x2  
  100  7:18  Marine x2, SCV x2  
  100  7:21  Medivac x2, SCV  
  109  7:27  Missile Turret  
  109  7:28  Supply Depot  
  109  7:29  Supply Depot  
  109  7:30  SCV  
  109  7:33  Marine, Missile Turret  
  109  7:34  Marine x2  
  109  7:36  Marine  
  114  7:42  Marine  
  114  7:49  Barracks  
  114  7:51  Barracks  
  114  7:56  Marine x6  
  114  7:57  Marine  
  121  8:00  Marine, SCV  
  121  8:01  Marine  
  123  8:06  SCV  
  123  8:07  Refinery  
  122  8:13  SCV  
  122  8:14  Marine x7  
  122  8:16  SCV  
  122  8:18  Marine x2, SCV  
  134  8:21  Refinery  
  132  8:27  Medivac x2, Siege Tank  
  132  8:30  SCV  
  132  8:31  Marine  
  132  8:32  Marine x6  
  147  8:36  Barracks  
  147  8:37  Barracks Tech Lab x2  
  147  8:38  Supply Depot x2  
  147  8:49  Marine x2  
  147  8:50  Marine  
  147  8:52  Marine x2  
  147  8:53  Marauder  
  147  8:54  Marine  
  147  8:55  SCV  
  156  8:57  Supply Depot  
  159  9:10  Marine x2  
  159  9:11  Marine x2  
Tags
 
Add a new tag
Caveats
  • Supply blocks, unpowered buildings, or Contaminate may cause inaccurate times.
  • Supply counts are checked every 10 seconds.